 Dungeon Crawl Stone Soup version 0.28.0-43-g3370ac3207 (webtiles) character file.

Game seed: 4320597954888049875

7828 Kaptain the Geomancer (level 11, -3/69 HPs)
             Began as a Gargoyle Earth Elementalist on Mar 15, 2022.
             Killed by refrigeration
             ... invoked by Fannar
              (23 damage)
             ... on level 10 of the Dungeon.
             The game lasted 00:23:50 (10910 turns).

Kaptain the Geomancer (GrEE)                       Turns: 10910, Time: 00:23:50

Health: -3/69      AC: 23    Str: 19    XL:     11   Next: 21%
Magic:  20/31      EV: 10    Int: 19    God:
Gold:   507        SH:  8    Dex: 10    Spells: 20/24 levels left

rFire   . . .      SeeInvis .   p - +11 trident "Jucuamug" {elec, Str+6}
rCold   . . .      Faith    .   i - +0 kite shield
rNeg    + . .      Spirit   .   J - +0 leather armour
rPois   ∞          Reflect  .   u - +2 helmet
rElec   +          Harm     .   c - +2 cloak
rCorr   .          Rampage  .   (no gloves)
Will    .....                   o - +0 pair of boots
Stlth   ++........              (no amulet)
HPRegen 0.21/turn               A - ring of magical power
MPRegen 0.22/turn               E - +4 ring of protection

@: studying Short Blades
A: sickness immunity, AC +8, negative energy resistance 1, electricity
resistance, torment resistance 1, petrification resistance
a: no special abilities


You were on level 10 of the Dungeon.
You visited 2 branches of the dungeon, and saw 11 of its levels.

You collected 507 gold pieces.

Inventory:

Hand Weapons
 a - a +3 rapier
 h - a +0 hunting sling
 p - the +11 trident "Jucuamug" (weapon) {elec, Str+6}
   (You found it on level 4 of the Dungeon)

   It occasionally discharges a powerful burst of electricity upon striking a
   foe.
   Str:       It affects your strength (+6).
 M - the +11 whip "Mogid" {protect, rElec Will++ Int-3}
   (You found it on level 8 of the Dungeon)

   It grants its wielder temporary protection when it strikes (+7 to AC).
   Int:       It affects your intelligence (-3).
   rElec:     It insulates you from electricity.
   Will:      It greatly increases your willpower.
Missiles
 e - 7 poisoned darts
 g - 3 javelins
 t - 6 boomerangs
 I - 119 stones
 N - a curare-tipped dart
Armour
 c - a +2 cloak (worn)
 i - a +0 kite shield (worn)
 o - a +0 pair of boots (worn)
 u - a +2 helmet (worn)
 J - a +0 leather armour (worn)
Magical Staves
 n - a staff of death
Jewellery
 b - a ring of resist corrosion
 k - a ring of flight
 v - a ring of positive energy
 A - a ring of magical power (left hand)
 C - a ring of wizardry
 E - a +4 ring of protection (right hand)
 G - a ring of wizardry
Wands
 s - a wand of flame (32)
 x - a wand of paralysis (10)
 L - a wand of iceblast (11)
Scrolls
 j - 4 scrolls of teleportation
 q - 5 scrolls of identify
 w - a scroll of silence {unknown}
 y - 2 scrolls of noise {unknown}
 z - a scroll of vulnerability {unknown}
 D - a scroll of fear {unknown}
 F - a scroll of amnesia
 H - a scroll of fog {unknown}
 K - 2 scrolls of magic mapping {unknown}
 O - 3 scrolls of torment {unknown}
Potions
 d - 7 potions of brilliance
 f - 6 potions of mutation
 l - 2 potions of haste
 m - a potion of heal wounds {unknown}
 r - 2 potions of flight {unknown}
 B - a potion of degeneration {unknown}
 P - 2 potions of curing
 R - a potion of ambrosia {unknown}
Miscellaneous
 Q - a phial of floods


   Skills:
 * Level 8.4 Fighting
 + Level 5.7 Armour
 - Level 1.5 Dodging
 - Level 2.1 Stealth
 - Level 5.0 Shields
 * Level 7.4 Spellcasting
 * Level 8.3 Conjurations
 - Level 0.7 Transmutations
 * Level 10.0 Earth Magic


You had 20 spell levels left.
You knew the following spells:

 Your Spells              Type           Power      Damage    Failure   Level
a - Sandblast             Erth           90%        2d19      1%          1
b - Stone Arrow           Conj/Erth      82%        3d12      2%          3

Your spell library contained the following spells:

 Spells                   Type           Power      Damage    Failure   Level
 Passwall                 Tmut/Erth      22%        N/A       5%          2
 Mephitic Cloud           Conj/Pois/Air  17%        N/A       30%         3
 Pain                     Necr           28%        1d5       32%         1
 Petrify                  Tmut/Erth      27%        N/A       34%         4
 Ignite Poison            Fire/Tmut/Pois 7%         N/A       65%         3
 Borgnjor's Vile Clutch   Necr/Erth      13%        N/A       75%         5
 Freezing Cloud           Conj/Ice/Air   8%         6-21      96%         5
 Animate Dead             Necr           3%         N/A       97%         4
 Agony                    Necr           7%         N/A       100%        5
 Excruciating Wounds      Necr           3%         N/A       100%        5
 Death Channel            Necr           3%         N/A       100%        6


Dungeon Overview and Level Annotations

Branches:
Dungeon (10/15)            Temple (1/1) D:4
   Lair: D:8-11         Orc: D:9-12

Altars:
Ashenzari
Cheibriados
Dithmenos
Elyvilon
Fedhas
Gozag
Hepliaklqana
Kikubaaqudgha
Makhleb
Nemelex Xobeh
Okawaru
Qazlal
Ru
Sif Muna
Trog
Uskayaw
Vehumet
Xom
Yredelemnul
Zin
The Shining One

Annotations:
D:2 Sigmund
D:10 Fannar


Innate Abilities, Weirdness & Mutations

You are immune to sickness and miasma.
Your stone body is resilient. (AC +8)
You are immune to poison.
You resist negative energy. (rN+)
You are resistant to electric shocks. (rElec)
You are resistant to unholy torment.
You are immune to petrification.


Message History

You climb downwards.
Level annotation: Fannar
There is a stone staircase leading up here.
Unknown command.
Casting: Stone Arrow (dangerous; 2% risk of failure)
Confirm with . or Enter, or press ? or * to list all spells.
Aiming: Stone Arrow (dangerous; 2% risk of failure)
Press: ? - help, Shift-Dir - straight line, f - Fannar
Aim: Fannar, wielding a staff of cold and wearing a +1 robe of cold resistance (60% to hit)
The stone arrow misses Fannar.
You block Fannar's attack.
Unknown command.
Casting: Stone Arrow (dangerous; 2% risk of failure)
Confirm with . or Enter, or press ? or * to list all spells.
Aiming: Stone Arrow (dangerous; 2% risk of failure)
Press: ? - help, Shift-Dir - straight line, f/p - Fannar
Aim: Fannar, wielding a staff of cold and wearing a +1 robe of cold resistance (60% to hit)
The stone arrow hits Fannar!
Fannar is lightly wounded.
Fannar points at you and mumbles some strange words.
The bolt of cold hits you!!
Casting: Stone Arrow (dangerous; 2% risk of failure)
Confirm with . or Enter, or press ? or * to list all spells.
Aiming: Stone Arrow (dangerous; 2% risk of failure)
Press: ? - help, Shift-Dir - straight line, f/p - Fannar
Aim: Fannar, wielding a staff of cold and wearing a +1 robe of cold resistance (lightly wounded, 60% to hit)
The stone arrow hits Fannar!
Fannar is moderately wounded.
Fannar gestures wildly while chanting.
Fannar drains the heat from the surrounding environment!
* * * LOW HITPOINT WARNING * * *
Casting: Stone Arrow (dangerous; 2% risk of failure)
Confirm with . or Enter, or press ? or * to list all spells.
Aiming: Stone Arrow (dangerous; 2% risk of failure)
Press: ? - help, Shift-Dir - straight line, f/p - Fannar
Aim: Fannar, wielding a staff of cold and wearing a +1 robe of cold resistance (moderately wounded, 60% to hit)
The stone arrow hits Fannar!!
Fannar is heavily wounded.
Fannar casts a spell.
Fannar drains the heat from the surrounding environment!
You die...

##..###..........#
##########'###..........#
..#.........#...........#
#.'.>...................#
♣##.........##..........#
♣##.........##..>.......#
♣...........##..........#
♣.############..e.......#
+.# #..@.......# ♣##
#######'#### ♣ #..# ♣
##.# ♣ ####'### #
#......# ###### #......#
.....####### #....[.#
####.......#######......#


You could see Fannar.

Vanquished Creatures
  Erolcha (D:9)
  A two-headed ogre (D:7)
  Maurice (D:9)
  A kobold demonologist (D:10)
  A troll (D:9)
  A hornet (D:9)
  3 wyverns
  2 shadows
  A wraith (D:10)
  10 yaks
  A steam dragon (D:4)
  Duvessa (D:5)
  A water moccasin (D:6)
  A black bear (D:5)
  A sky beast (D:5)
  4 ogres
  4 centaurs
  A phantom (D:6)
  2 kobold brigands
  A scorpion (D:4)
  Dowan (D:5)
  2 water moccasin skeletons
  14 wights
  An electric eel (D:6)
  A howler monkey (Temple)
  A centaur zombie (D:8)
  2 jellies
  3 hounds
  2 orc priests
  2 bullfrog skeletons (D:5)
  4 centaur skeletons (D:7)
  Ijyb (D:5)
  3 iguanas
  4 orc wizards
  2 hound skeletons
  A howler monkey zombie (D:8)
  A howler monkey skeleton (D:6)
  7 gnolls
  9 adders
  A river rat (D:4)
  3 white imps
  2 ufetubi
  An adder skeleton (D:4)
  6 worms
  2 dart slugs
  21 orcs
  6 ball pythons
  10 bats
  7 endoplasms
  2 giant cockroaches
  4 goblins
  5 hobgoblins
  A jackal (D:3)
  11 kobolds
  3 quokkas
  3 frilled lizards
  5 rats
193 creatures vanquished.

Vanquished Creatures (others)
  4 plants (D:6)
4 creatures vanquished.

Grand Total: 197 creatures vanquished

Notes
Turn   | Place    | Note
-------+----------+-------------------------------------------
     0 | D:1      | Kaptain the Gargoyle Earth Elementalist began the quest for
                  | the Orb.
     0 | D:1      | Reached XP level 1. HP: 10/10 MP: 3/3
   225 | D:1      | Reached XP level 2. HP: 16/16 MP: 3/5
   319 | D:1      | Found a faded altar of an unknown god.
   572 | D:2      | Reached skill level 1 in Conjurations
   903 | D:2      | Reached skill level 1 in Fighting
   974 | D:2      | Reached skill level 4 in Earth Magic
   974 | D:2      | Reached XP level 3. HP: 20/20 MP: 4/6
   978 | D:2      | Learned a level 3 spell: Stone Arrow
  1010 | D:2      | Noticed Sigmund
  1225 | D:2      | Reached skill level 1 in Armour
  1412 | D:2      | Reached XP level 4. HP: 9/25 MP: 2/7
  2168 | D:3      | Reached XP level 5. HP: 30/30 MP: 5/9
  2985 | D:4      | Noticed an ogre
  2986 | D:4      | Found a staircase to the Ecumenical Temple.
  2991 | D:4      | Killed an ogre
  2992 | D:4      | Reached skill level 5 in Earth Magic
  2992 | D:4      | Reached XP level 6. HP: 36/36 MP: 1/10
  3015 | D:4      | Noticed a steam dragon
  3043 | Temple   | Entered the Ecumenical Temple
  3340 | D:4      | Killed a steam dragon
  3341 | D:4      | Reached XP level 7. HP: 38/41 MP: 1/12
  3345 | D:4      | Reached skill level 1 in Shields
  3634 | D:4      | Identified the +11 trident "Jucuamug" {elec, Str+6}
  4115 | D:5      | Entered Level 5 of the Dungeon
  4150 | D:5      | Found a blossoming altar of Fedhas.
  4164 | D:5      | Reached XP level 8. HP: 25/48 MP: 4/14
  4340 | D:5      | Reached skill level 6 in Earth Magic
  4362 | D:5      | Noticed Dowan
  4389 | D:5      | Noticed Duvessa
  4394 | D:5      | Killed Duvessa
  4494 | D:5      | Killed Dowan
  4805 | D:5      | Noticed Ijyb
  4808 | D:5      | Killed Ijyb
  4921 | D:5      | Reached skill level 5 in Fighting
  4921 | D:5      | Reached skill level 5 in Conjurations
  5688 | D:6      | Reached skill level 5 in Spellcasting
  5688 | D:6      | Reached skill level 7 in Earth Magic
  5688 | D:6      | Reached XP level 9. HP: 54/54 MP: 16/16
  5877 | D:6      | Found a stormy altar of Qazlal.
  6269 | D:6      | HP: 2/54 [ogre/+0 giant spiked club (20)]
  7081 | D:7      | Found an opulent altar of Gozag.
  7618 | D:7      | Noticed a two-headed ogre
  7624 | D:7      | Killed a two-headed ogre
  7932 | D:8      | Reached skill level 8 in Earth Magic
  8118 | D:7      | Reached XP level 10. HP: 50/61 MP: 7/19
  8234 | D:8      | Identified the +11 whip "Mogid" {protect, rElec Will++
                  | Int-3}
  8327 | D:8      | Noticed a two-headed ogre
  8328 | D:8      | Noticed a brown ugly thing
  8329 | D:8      | Noticed a two-headed ogre
  8330 | D:8      | Noticed a centaur warrior
  8330 | D:8      | Noticed a boulder beetle
  8330 | D:8      | Noticed a gargoyle
  8472 | D:8      | HP: 2/63 [orc priest/divine providence (8)]
  9200 | D:8      | Reached skill level 5 in Armour
  9411 | D:9      | Reached skill level 9 in Earth Magic
  9671 | D:9      | Noticed Maurice
  9681 | D:9      | Killed Maurice
 10083 | D:9      | Found a broken altar of Ashenzari.
 10136 | D:9      | Found a basalt altar of Yredelemnul.
 10189 | D:9      | Noticed Erolcha
 10198 | D:9      | Killed Erolcha
 10199 | D:9      | Reached skill level 5 in Shields
 10199 | D:9      | Reached XP level 11. HP: 65/68 MP: 6/21
 10428 | D:10     | Entered Level 10 of the Dungeon
 10628 | D:10     | Found a snail-covered altar of Cheibriados.
 10791 | D:10     | Noticed Fannar
 10814 | D:10     | Reached skill level 10 in Earth Magic
 10910 | D:10     | Killed from afar by Fannar

Illustrated notes

Levels and vault maps discovered:
D:1:      dpeg_arrival_three_same_balls, layout_rooms,
          dreamdust_ecumenical_altar_grove, minmay_misc_feat_alley,
          serial_bayou_crossing
D:2:      layout_loops_ring, grunt_ministairs_11, uniq_sigmund
D:3:      minmay_skewed_foursquare, layout_basic, minivault_14, minivault_27,
          kennysheep_generic_room_7
D:4:      layout_cave_pools, minmay_temple_entry_proselytizer,
          portal_sewer_entry_b
D:5:      layout_cave_pools, fedhas_bush_and_centaur_altar, minmay_between,
          uniq_duvessa, uniq_ijyb
D:6:      layout_basic, mainiacjoe_overflow_alcove_2, roderic_batcave,
          chequers_serial_rivers_small_b, grunt_decor_clamped,
          serial_bayou_lagoon_a
D:7:      layout_gridville, old_standard_altar
D:8:      layout_rooms, minmay_misc_feat_encased, minivault_12
D:9:      layout_small_grid, minitemple, grunt_ministairs_9, nrook_campfire,
          uniq_erolcha, uniq_maurice
D:10:     layout_roguey, mainiacjoe_overflow_six_doors_small,
          lemuel_doored_altar, hiddenorc1_lemuel, minivault_23,
          minmay_mirror_moons_of_madness, uniq_fannar
Temple:   regret_index_temple_waves

Skill      XL: |  1  2  3  4  5  6  7  8  9 10 11 |
---------------+----------------------------------+-----
Conjurations   | 1 2 3 4 5 6 8 |  8.3
Fighting       | 1 2 3 4 5 6 8 |  8.4
Earth Magic    | 4 5 7 8 9 10 | 10.0
Armour         | 1 2 3 4 5 |  5.7
Spellcasting   | 3 4 5 6 7 |  7.4
Shields        | 1 2 4 5 |  5.0
Dodging        | |  1.5
Stealth        | |  2.1
Transmutations | |  0.7

Action                   |  1- 3 |  4- 6 |  7- 9 | 10-12 || total
-------------------------+-------+-------+-------+-------++-------
Melee: Rapier            |    16 |    21 |     3 |       ||    40
       Trident           |       |       |    51 |    34 ||    85
 Cast: Sandblast         |    36 |    62 |    33 |    31 ||   162
       Stone Arrow       |       |     4 |    89 |    78 ||   171
Evoke: Wand              |       |       |       |     1 ||     1
  Use: Scroll            |       |     5 |     4 |     1 ||    10
       Potion            |       |       |     3 |     2 ||     5
Armor: Robe              |     7 |    19 |    42 |       ||    68
       Leather armour    |       |       |     3 |    38 ||    41
Dodge: Dodged            |    21 |    30 |    58 |    34 ||   143
Block: Kite shield       |       |       |     3 |    28 ||    31
